 Dungeon Crawl Stone Soup version 0.30.1-3-gfc49f6343a (webtiles) character file.

Game seed: 13709269621189688875

112 zeram the Chopper (level 4, -13/37 (40) HPs)
             Began as a Hill Orc Fighter on July 28, 2023.
             Killed by nerve-wracking pain
             ... invoked by an orc priest
              (14 damage)
             ... on level 3 of the Dungeon.
             The game lasted 00:03:41 (1762 turns).

zeram the Chopper (Hill Orc Fighter)                Turns: 1762, Time: 00:03:41

HP:   -13/37 (40)   AC: 19    Str: 20    XL:     4   Next: 93%
MP:   4/4           EV:  2    Int: 14    God:
Gold: 826           SH:  4    Dex: 10    Spells: 3/3 levels left

rFire   . . .        a - +0 war axe
rCold   . . .        c - +0 buckler
rNeg    . . .        n - +3 crystal plate armour
rPois   .            (no helmet)
rElec   .            (no cloak)
rCorr   .            (no gloves)
SInv    .            (no boots)
Will    .....        (no amulet) Stlth
                     h - +6 ring of intelligence
HPRegen 0.26/turn    (no ring)
MPRegen 0.09/turn

%: no passive effects
@: drained
A: no striking features
a: Convert to Beogh


You were on level 3 of the Dungeon.
You visited 1 branch of the dungeon, and saw 3 of its levels.

You collected 826 gold pieces.

Inventory:

Hand Weapons
 a - a +0 war axe (weapon)
 l - a +0 sling
Armour
 b - a +0 scale mail
 c - a +0 buckler (worn)
 n - a +3 crystal plate armour (worn)
Jewellery
 h - a +6 ring of intelligence (left hand)
Scrolls
 f - a scroll of amnesia
 j - a scroll of torment {unknown}
 s - a scroll of vulnerability {unknown}
Potions
 d - 2 potions of might
 e - a potion of ambrosia {unknown}
 g - a potion of flight
 i - a potion of brilliance {unknown}
 k - a potion of lignification {unknown}
 m - a potion of magic {unknown}
 o - a potion of berserk rage {unknown}
 p - 2 potions of resistance {unknown}
 q - a potion of heal wounds {unknown}
 r - a potion of invisibility {unknown}
 t - a potion of attraction {unknown}


   Skills:
 + Level 4.1 Fighting
 + Level 4.6 Axes
 + Level 4.1 Armour
 + Level 0.2 Dodging
 + Level 3.8 Shields


You had 3 spell levels left.
You didn't know any spells.
Your spell library contained the following spells:

 Spells                   Type           Power      Damage    Failure   Level
 Ozocubu's Armour         Ice            0%         N/A       100%        3
 Metabolic Englaciation   Hex/Ice        0%         N/A       100%        5
 Simulacrum               Ice/Necr       0%         N/A       100%        6


Dungeon Overview and Level Annotations

Branches:
Dungeon (3/15)

Altars:

Shops:
D:1 :


Message History

The orc priest hits you but does no damage.
You hit the orc priest but do no damage.
The orc priest is moderately wounded.
The orc priest hits you but does no damage.
You block the orc priest's attack.
The orc priest threatens, "By the altar or by the axe, you will meet Beogh!"
You hit the orc priest but do no damage.
The orc priest is moderately wounded.
The orc priest hits you but does no damage.
You closely miss the orc priest.
The orc priest shouts, "Surrender to Beogh and we'll let you live!"
The orc priest is moderately wounded.
The orc priest mumbles some strange prayers to Beogh against you.
Beogh smites you!
You closely miss the orc priest.
The orc priest shouts, "Join the one true god or die!"
The orc priest is moderately wounded.
You slash the orc!
You kill the orc!
You block the orc priest's attack.
The orc priest hits you but does no damage.
You slash the orc priest!
The orc priest is almost dead.
The orc priest calls down the wrath of Beogh upon you.
Beogh smites you!
You hit the orc priest but do no damage.
The orc priest is almost dead.
The orc priest shouts, "Surrender to Beogh and we'll let you live!"
The orc priest hits you but does no damage.
You hit the orc priest but do no damage.
The orc priest is almost dead.
The orc priest invokes the aid of Beogh against you.
Beogh smites you!
* * * LOW HITPOINT WARNING * * *
You barely miss the orc priest.
The orc priest threatens, "By the altar or by the axe, you will meet Beogh!"
The orc priest is almost dead.
The orc priest invokes the aid of Beogh against you.
Pain shoots through your body!
You die...

. #. .# .##
..### .
...####.#
.######)o.......
......)@......#
.######))####..
##.##.. #..#.# #
##.#.# #. #...#
#.######...##
#........#..#
###..#.#.##.# .#


You could see an orc priest.

Vanquished Creatures
  A hound (D:2)
  A gnoll (D:1)
  2 worms (D:3)
  2 dart slugs (D:1)
  8 orcs (D:3)
  7 ball pythons
  4 bats (D:1)
  3 endoplasms
  A giant cockroach (D:1)
  3 goblins
  A hobgoblin (D:1)
  3 jackals (D:1)
  3 quokkas
  2 frilled lizards (D:1)
  4 kobolds
  8 rats
53 creatures vanquished.

Notes
Turn   | Place    | Note
-------+----------+-------------------------------------------
     0 | D:1      | zeram the Hill Orc Fighter began the quest for the Orb.
     0 | D:1      | Reached XP level 1. HP: 19/19 MP: 1/1
   139 | D:1      | Reached XP level 2. HP: 27/27 MP: 2/2
   304 | D:1      | Found Osoett's Book Shop.
   628 | D:1      | Reached XP level 3. HP: 33/33 MP: 3/3
   644 | D:1      | Identified 2 scrolls of acquirement
   644 | D:1      | Acquired a +2 crystal plate armour
   938 | D:2      | Acquired 718 gold pieces
  1104 | D:2      | Found a faded altar of an unknown god.
  1220 | D:2      | Reached XP level 4. HP: 35/40 MP: 4/4
  1761 | D:3      | HP: 1/37 [orc priest/divine providence (13)]
  1762 | D:3      | Killed from afar by an orc priest

Illustrated notes

Levels and vault maps discovered:
D:1:      psy_arrival_conway, layout_basic, serial_shops, shop,
          minmay_statues_item, nrook_loot_triangle, nicolae_figureground_sparkle
D:2:      layout_loops_cross, ebering_ecumenical_altar_mist
D:3:      layout_rooms, serial_glass, glass_columns_a, glass_columns_a,
          glass_columns_b, glass_columns_a, glass_columns_c, glass_columns_a,
          glass_columns_b, glass_columns_a

Skill      XL: |  1  2  3 |
---------------+----------+-----
Axes           | 3 4 |  4.6
Armour         | 4 |  4.1
Fighting       | 4 |  4.1
Dodging        | |  0.2
Shields        | |  3.8

Action                     |  1- 3 |  4- 6 || total
---------------------------+-------+-------++-------
  Melee: War axe           |   104 |    55 ||   159
    Use: Scroll            |     6 |       ||     6
 Armour: Scale mail        |    46 |       ||    46
         Crystal plate arm |    24 |    44 ||    68
  Dodge: Dodged            |    48 |     5 ||    53
  Block: Buckler           |    25 |    11 ||    36
